 Dungeon Crawl Stone Soup version 0.28.0-47-ge53b351184 (webtiles) character file.

Game seed: 8786508811701544984

65 H0rd4k the Magician (level 3, -1/19 HPs)
             Began as a Deep Elf Hedge Wizard on May 2, 2022.
             Killed by divine providence
             ... invoked by an orc priest
              (12 damage)
             ... on level 3 of the Dungeon.
             The game lasted 00:02:05 (1851 turns).

H0rd4k the Magician (Deep Elf Hedge Wizard)         Turns: 1851, Time: 00:02:05

Health: -1/19      AC:  3    Str:  7    XL:     3   Next: 94%
Magic:  6/12       EV: 12    Int: 20    God:
Gold:   71         SH:  0    Dex: 14    Spells: 2/14 levels left

rFire   + . .      SeeInvis .   a - +0 dagger
rCold   . . .      Faith    .   (no shield)
rNeg    . . .      Spirit   .   b - +0 robe
rPois   .          Reflect  .   c - +0 hat
rElec   .          Harm     .   j - +0 cloak
rCorr   .          Rampage  .   (no gloves)
Will    .....                   (no boots)
Stlth   ++........              (no amulet)
HPRegen 0.06/turn               i - ring of protection from fire
MPRegen 0.13/turn               (no ring)

@: no status effects
A: no striking features
a: no special abilities


You were on level 3 of the Dungeon.
You visited 1 branch of the dungeon, and saw 3 of its levels.

You collected 71 gold pieces.

Inventory:

Hand Weapons
 a - a +0 dagger (weapon)
Armour
 b - a +0 robe (worn)
 c - a +0 hat (worn)
 j - a +0 cloak (worn)
Jewellery
 i - a ring of protection from fire (left hand)
Scrolls
 g - 2 scrolls of identify {unknown}
 k - a scroll of enchant armour {unknown}
 l - a scroll of fog {unknown}
 n - a scroll of blinking {unknown}
Potions
 d - a potion of might {unknown}
 e - a potion of brilliance {unknown}
 f - 2 potions of flight {unknown}
 h - a potion of lignification {unknown}
 m - a potion of mutation {unknown}
 o - 2 potions of curing {unknown}


   Skills:
 + Level 2.7 Dodging
 - Level 2.4 Stealth
 + Level 6.0 Spellcasting
 + Level 1.9 Conjurations
 + Level 1.1 Summonings
 + Level 1.1 Translocations
 * Level 0.5 Fire Magic
 * Level 0.1 Air Magic
 * Level 0.3 Poison Magic


You had 2 spell levels left.
You knew the following spells:

 Your Spells              Type           Power      Damage    Failure   Level
a - Magic Dart            Conj           52%        1d5       4%          1
b - Blink                 Tloc           20%        N/A       10%         2
c - Conjure Flame         Conj/Fire      11%        6-21      19%         3
d - Mephitic Cloud        Conj/Pois/Air  9%         N/A       22%         3
e - Ozocubu's Armour      Ice            6%         N/A       30%         3

Your spell library contained the following spells:

 Spells                   Type           Power      Damage    Failure   Level
 Call Imp                 Summ           10%        N/A       10%         2
 Slow                     Hex            24%        N/A       11%         1
 Cause Fear               Hex            3%         N/A       71%         4
 Metabolic Englaciation   Hex/Ice        3%         N/A       96%         5
 Simulacrum               Ice/Necr       3%         N/A       100%        6
 Dragon Form              Tmut           3%         N/A       100%        7
 Dragon's Call            Summ           5%         N/A       100%        9


Dungeon Overview and Level Annotations

Branches:
Dungeon (3/15)

Altars:


Message History

A kobold is nearby!
The magic dart hits the kobold.
The kobold is moderately wounded.
The kobold shouts!
The magic dart hits the kobold.
You kill the kobold!
You can't see any susceptible monsters within range! (Use Z to cast anyway.)
You can't see any susceptible monsters within range! (Use Z to cast anyway.) Magic restored.
A goblin comes into view. It is wielding a +0 club.
A goblin is nearby!
A goblin is nearby!
The magic dart hits the goblin.
The goblin is severely wounded.
The magic dart hits the goblin.
You kill the goblin!
You can't see any susceptible monsters within range! (Use Z to cast anyway.)
You can't see any susceptible monsters within range! (Use Z to cast anyway.)
Things that are here:
a +0 club; a goblin corpse An orc priest comes into view.
It is wielding a +0 club.
The magic dart hits the orc priest.
The orc priest is lightly wounded.
The magic dart hits the orc priest but does no damage.
The orc priest is lightly wounded.
The magic dart hits the orc priest but does no damage.
The orc priest is lightly wounded.
The orc priest calls down the wrath of Beogh upon you.
Beogh smites you!
The magic dart hits the orc priest but does no damage.
The orc priest is lightly wounded.
The magic dart hits the orc priest but does no damage.
The orc priest is lightly wounded.
The orc priest misses you.
The magic dart hits the orc priest but does no damage.
The orc priest is lightly wounded.
The orc priest invokes the aid of Beogh against you.
Beogh smites you!
Ouch! That really hurt!
You die...

#.)###.#
#..# #.###
##.###...+
##...####
##.## #.#
#.#
######...
#.#
#.o......
####.###@#
#........#
#.##.##..# #
#...........
####..###...
#..# . ...#
##.. ###


You could see an orc priest.

Vanquished Creatures
  3 adders (D:2)
  A gnoll (D:1)
  4 dart slugs (D:2)
  An endoplasm (D:2)
  2 goblins
  2 hobgoblins
  A quokka (D:2)
  3 ball pythons (D:1)
  5 bats
  3 kobolds
  A rat (D:2)
26 creatures vanquished.

Notes
Turn   | Place    | Note
-------+----------+-------------------------------------------
     0 | D:1      | H0rd4k the Deep Elf Hedge Wizard began the quest for the
                  | Orb.
     0 | D:1      | Reached XP level 1. HP: 10/10 MP: 7/7
    41 | D:1      | Reached skill level 5 in Spellcasting
    41 | D:1      | Reached XP level 2. HP: 15/15 MP: 2/10
   425 | D:1      | Found a faded altar of an unknown god.
  1026 | D:2      | Reached XP level 3. HP: 13/19 MP: 2/12
  1029 | D:2      | Learned a level 2 spell: Blink
  1033 | D:2      | Learned a level 3 spell: Conjure Flame
  1037 | D:2      | Learned a level 3 spell: Mephitic Cloud
  1351 | D:2      | Reached skill level 6 in Spellcasting
  1716 | D:2      | Learned a level 3 spell: Ozocubu's Armour
  1851 | D:3      | Killed from afar by an orc priest

Illustrated notes

Levels and vault maps discovered:
D:1:      minmay_arrival_arboretum_small, layout_loops_cross,
          hellmonk_ecumenical_altar_leap_of_faith
D:2:      layout_rooms, kennysheep_generic_room_5
D:3:      layout_loops_corners, nemelex_dance_club_becter, lemuel_old_faithful

Skill      XL: |  1  2  3 |
---------------+----------+-----
Spellcasting   | 5 6 |  6.0
Dodging        | |  2.7
Stealth        | |  2.4
Conjurations   | |  1.9
Summonings     | |  1.1
Translocations | |  1.1
Fire Magic     | |  0.5
Air Magic      | |  0.1
Poison Magic   | |  0.3

Action                   || total
-------------------------++-------
Melee: Dagger            ||     3
 Cast: Magic Dart        ||    79
Armor: Robe              ||     5
Dodge: Dodged            ||     8
